 Dungeon Crawl Stone Soup version 0.26.1-11-gd32895ea62 (webtiles) character file.

Game seed: 776534090275764820

107 IcyTea the Conjurer (level 4, -7/33 HPs)
             Began as a Draconian Fire Elementalist on May 7, 2021.
             Killed from afar by a white imp (12 damage)
             ... with a puff of frost
             ... on level 3 of the Dungeon.
             The game lasted 00:10:39 (2384 turns).

IcyTea the Conjurer (Draconian Fire Elementalist)   Turns: 2384, Time: 00:10:41

Health: -7/33      AC:  5    Str: 10    XL:     4   Next: 56%
Magic:  6/7        EV: 12    Int: 16    God:
Gold:   111        SH:  0    Dex: 12    Spells: 3/7 levels left

rFire    . . .     SeeInvis +   a - +0 club
rCold    . . .     Faith    .   (no shield)
rNeg     . . .     Spirit   .   (armour unavailable)
rPois    .         Reflect  .   (helmet restricted)
rElec    .         Harm     .   (no cloak)
rCorr    .         Rampage  .   (no gloves)
Will     .....                  (no boots)
Stlth    ++........             (no amulet)
HPRegen  0.11/turn              b - ring of see invisible
MPRegen  0.10/turn              (no ring)

@: no status effects
A: unfitting armour, cold-blooded, AC +5
a: no special abilities


You were on level 3 of the Dungeon.
You visited 1 branch of the dungeon, and saw 3 of its levels.

You collected 111 gold pieces.

Inventory:

Hand Weapons
 a - a +0 club (weapon)
Missiles
 k - 7 curare-tipped darts (quivered)
Jewellery
 b - a ring of see invisible (left hand)
Scrolls
 c - a scroll of identify
 d - a scroll of fear
 f - 3 scrolls of remove curse
 g - 2 scrolls of teleportation
 i - a scroll of enchant weapon {unknown}
 j - a scroll of immolation {unknown}
 l - a scroll of magic mapping {unknown}
 m - a scroll of enchant armour {unknown}
 o - a scroll of fog {unknown}
Potions
 e - a potion of haste
 h - 2 potions of curing
 n - a potion of resistance


   Skills:
 - Level 1.7 Dodging
 - Level 1.7 Stealth
 - Level 2.0 Spellcasting
 - Level 4.0 Conjurations
 + Level 3.6 Fire Magic


You had 3 spell levels left.
You knew the following spells:

 Your Spells              Type           Power        Failure   Level
a - Foxfire               Conj/Fire      52%          4%          1
b - Conjure Flame         Conj/Fire      13%          13%         3

Your spell library contained the following spells:

 Spells                   Type           Power        Failure   Level
 Inner Flame              Hex/Fire       7%           30%         3
 Sticky Flame             Conj/Fire      13%          41%         4
 Fireball                 Conj/Fire      6%           77%         5


Dungeon Overview and Level Annotations

Branches:
Dungeon (3/15)

Altars:


Innate Abilities, Weirdness & Mutations

Your plain brown scales are hard. (AC +5)
You cannot fit into any form of body armour.
You are cold-blooded and may be slowed by cold attacks.


Message History

The white imp hits you. The white imp freezes you.
You feel yourself slow down.
You barely miss the white imp. The white imp gestures at you.
The puff of frost hits you. The white imp misses you.
You closely miss the white imp.
You feel yourself speed up. The white imp barely misses you.
The white imp hits you. The white imp freezes you.
You feel yourself slow down.
Casting: Foxfire (safe; 4% risk of failure)
Confirm with . or Enter, or press ? or * to list all spells.
You conjure some foxfire!
The white imp hits you but does no damage.
Your foxfire dissipates!
You feel yourself speed up. The white imp gestures at you.
The puff of frost hits you.
* * * LOW HITPOINT WARNING * * *
The white imp gestures at you. The puff of frost hits you!
You die...

.### #.#.##.#
...# #.#.##.#
.#.# #.#.##.#
##.# #.#.##.#
##.#####.#.##.#
.(......[..##.#
#############.#
#.######.#
#...@.5..#
##########


You could see a white imp.

Vanquished Creatures
  3 adders
  2 oozes
  2 worms
  2 dart slugs
  4 orcs (D:3)
  10 bats
  2 giant cockroaches
  8 goblins
  5 hobgoblins
  2 jackals (D:3)
  4 kobolds
  A quokka (D:2)
  A ball python (D:2)
  2 frilled lizards (D:3)
  8 rats
56 creatures vanquished.

Vanquished Creatures (others)
  85 foxfires
85 creatures vanquished.

Grand Total: 141 creatures vanquished

Notes
Turn   | Place    | Note
-------+----------+-------------------------------------------
     0 | D:1      | IcyTea the Draconian Fire Elementalist began the quest for
                  | the Orb.
     0 | D:1      | Reached XP level 1. HP: 14/14 MP: 3/3
   209 | D:1      | Reached skill level 2 in Conjurations
   222 | D:1      | Reached XP level 2. HP: 20/20 MP: 5/5
  1005 | D:2      | Reached skill level 3 in Conjurations
  1036 | D:2      | Reached XP level 3. HP: 26/26 MP: 4/6
  1170 | D:2      | Learned a level 3 spell: Conjure Flame
  1451 | D:2      | Reached XP level 4. HP: 27/33 MP: 1/7
  1541 | D:2      | Reached skill level 4 in Conjurations
  2384 | D:3      | Killed from afar by a white imp

Illustrated notes

Levels and vault maps discovered:
D:1:      evilmike_arrival_crescent, layout_loops_ring, minmay_heptomino_l4
D:2:      layout_basic, st_stairs_12, mrwooster_statue_mirror
D:3:      layout_loops_ring

Skill      XL: |  1  2  3  4 |
---------------+-------------+-----
Conjurations   | 2 3 4 |  4.0
Dodging        | |  1.7
Stealth        | |  1.7
Spellcasting   | |  2.0
Fire Magic     | |  3.6

Action                   |  1- 3 |  4- 6 || total
-------------------------+-------+-------++-------
Melee: Club              |    39 |    55 ||    94
       Tailslap          |     4 |     3 ||     7
Throw: Dart              |       |     2 ||     2
 Cast: Foxfire           |    45 |    22 ||    67
       Conjure Flame     |       |     1 ||     1
  Use: Scroll            |     2 |     5 ||     7
 Stab: Sleeping          |     5 |       ||     5
       Distracted        |       |     1 ||     1
Armor: Skin              |    14 |    18 ||    32
Dodge: Dodged            |    39 |    53 ||    92
